 Dungeon Crawl Stone Soup version 0.28-a0-1356-g2ad6d04315 (webtiles) character file.

Game seed: 11161987951746436998

1765 a11behringer the Carver (level 8, -4/70 HPs)
             Began as a Minotaur Fighter on Dec 30, 2021.
             Killed from afar by a gargoyle (21 damage)
             ... with a stone arrow
             ... on level 7 of the Dungeon.
             The game lasted 00:11:10 (5751 turns).

a11behringer the Carver (Minotaur Fighter)          Turns: 5751, Time: 00:11:11

Health: -4/70      AC: 16    Str: 30    XL:     8   Next: 79%
Magic:  7/7        EV:  9    Int:  5    God:
Gold:   271        SH:  5    Dex: 10    Spells: 7/7 levels left

rFire   . . .      SeeInvis .   a - +0 long sword
rCold   x . .      Faith    .   c - +0 buckler
rNeg    . . .      Spirit   .   t - +5 chain mail "Ymniff" {rC- Str+7}
rPois   .          Reflect  .   (helmet restricted)
rElec   .          Harm     .   u - +0 cloak
rCorr   .          Rampage  .   (no gloves)
Will    .....                   (no boots)
Stlth   ..........              (no amulet)
HPRegen 0.21/turn               (no ring)
MPRegen 0.10/turn               (no ring)

@: no status effects
A: horns 2, retaliatory headbutt
a: no special abilities


You were on level 7 of the Dungeon.
You visited 1 branch of the dungeon, and saw 7 of its levels.
You also visited: Ossuary.

You collected 271 gold pieces.

Inventory:

Hand Weapons
 a - a +0 long sword (weapon)
 d - a +0 shortbow
 k - a +0 hunting sling
 B - a +7 vorpal dire flail
Missiles
 g - 6 boomerangs (quivered)
 h - 50 bolts
 m - 15 sling bullets
 o - 9 poisoned darts
 q - a curare-tipped dart
 s - 3 throwing nets
 w - 56 arrows
Armour
 b - a +0 scale mail
 c - a +0 buckler (worn)
 t - the +5 chain mail "Ymniff" (worn) {rC- Str+7}
   (You found it on level 4 of the Dungeon)

   Str:       It affects your strength (+7).
   rC:        It makes you vulnerable to cold.
 u - a +0 cloak (worn)
Jewellery
 z - a +6 ring of dexterity
Wands
 C - a wand of polymorph (4)
Scrolls
 f - a scroll of noise {unknown}
 l - 3 scrolls of teleportation {unknown}
 n - a scroll of torment {unknown}
 p - 4 scrolls of identify {unknown}
 x - 4 scrolls of vulnerability {unknown}
 y - a scroll of fog {unknown}
 D - a scroll of summoning {unknown}
Potions
 e - 2 potions of lignification {unknown}
 i - 3 potions of curing {unknown}
 j - 2 potions of brilliance {unknown}
 r - 2 potions of cancellation {unknown}
 v - 2 potions of haste {unknown}
 A - a potion of heal wounds {unknown}
 E - a potion of berserk rage {unknown}


   Skills:
 + Level 6.2 Fighting
 * Level 10.4 Long Blades
 + Level 6.6 Armour
 + Level 2.2 Dodging
 + Level 5.3 Shields


You had 7 spell levels left.
You didn't know any spells.
Your spell library contained the following spells:

 Spells                   Type           Power      Damage    Failure   Level
 Sublimation of Blood     Necr           0%         N/A       98%         2
 Wereblood                Tmut           0%         N/A       98%         2
 Passage of Golubria      Tloc           0%         N/A       100%        4
 Dispersal                Tloc           0%         N/A       100%        6
 Summon Hydra             Summ           0%         N/A       100%        7
 Disjunction              Tloc           0%         N/A       100%        8


Dungeon Overview and Level Annotations

Branches:
Dungeon (7/15)            Ossuary (visited)
 Temple: D:4-7

Altars:
Dithmenos
Elyvilon

Shops:
D:3 [[[(   D:4 [


Innate Abilities, Weirdness & Mutations

You have a pair of horns on your head.
You reflexively headbutt those who attack you in melee.


Message History

There is a stone staircase leading down here.
The gnoll barely misses you.
You barely miss the gnoll. Your headbutt misses the gnoll.
The gnoll barely misses you. The gnoll hits you but does no damage.
You closely miss the gnoll. The gnoll misses you.
The gnoll hits you with a +0 halberd!
You closely miss the gnoll.
The gnoll hits you but does no damage. x2
You hit the gnoll. You headbutt the gnoll.
The gnoll is heavily wounded.
The gnoll closely misses you. The gnoll hits you but does no damage.
You slice the gnoll!!
You kill the gnoll!
The gnoll hits you from afar with a +0 spear.
You block the gargoyle's attack. The gnoll hits you but does no damage.
Things that are here:
a +0 halberd; a gnoll corpse You block the gnoll's attack.
You hit the gargoyle but do no damage.
The gargoyle is lightly damaged.
The gargoyle hurls a stone arrow at you.
The stone arrow hits you but does no damage.
You block the gnoll's attack.
You hit the gargoyle but do no damage.
The gargoyle is lightly damaged.
The gargoyle hurls a stone arrow at you.
The stone arrow hits you!!
* * * LOW HITPOINT WARNING * * *
The gnoll hits you from afar with a +0 spear.
* * * LOW HITPOINT WARNING * * *
There is a stone staircase leading down here.
You can't go up here!
The gargoyle hits you but does no damage.
The gnoll barely misses you.
You climb downwards.
There is a stone staircase leading up here. 2 gnolls come into view.
The gnoll shouts! x2; You hear a shout!
The gargoyle hurls a stone arrow at you.
The stone arrow hits you!!
You die...

## #. #. #. #.
######.#########
.........9.....#
#......@<.#
#...##.##.# # #.
.# #. .# #. .#
#. .# gg .# ..
##


You could see a gargoyle and 2 gnolls.

Vanquished Creatures
  Sigmund (D:4)
  Edmund (D:4)
  3 ogres (D:5)
  A black bear (D:4)
  A centaur (D:5)
  A kobold brigand (D:3)
  4 scorpions
  An elf zombie (Ossuary)
  3 centaur zombies (Ossuary)
  2 hounds
  A human zombie (Ossuary)
  A jelly (D:5)
  A bullfrog skeleton (D:4)
  2 iguanas
  An orc wizard (D:5)
  5 hound zombies (Ossuary)
  A hound skeleton (D:5)
  3 mummies (Ossuary)
  9 gnolls
  6 adders
  A shadow imp (D:5)
  3 adder zombies (Ossuary)
  8 orcs
  10 bats
  3 endoplasms
  4 giant cockroaches
  4 goblins
  8 hobgoblins
  6 jackals
  2 kobolds (D:1)
  A quokka (D:1)
  8 ball pythons
  13 frilled lizards
  2 gnoll zombies (Ossuary)
  5 goblin zombies (Ossuary)
  3 hobgoblin zombies (Ossuary)
  4 jackal zombies (Ossuary)
  2 kobold zombies (Ossuary)
  2 quokka zombies (Ossuary)
  8 rats
  2 rat zombies (Ossuary)
147 creatures vanquished.

Vanquished Creatures (others)
  5 plants (D:1)
5 creatures vanquished.

Grand Total: 152 creatures vanquished

Notes
Turn   | Place    | Note
-------+----------+-------------------------------------------
     0 | D:1      | a11behringer the Minotaur Fighter began the quest for the
                  | Orb.
     0 | D:1      | Reached XP level 1. HP: 19/19 MP: 0/0
    66 | D:1      | Reached XP level 2. HP: 15/27 MP: 1/1
   359 | D:1      | Reached skill level 3 in Long Blades
   496 | D:1      | Reached XP level 3. HP: 29/33 MP: 2/2
  1068 | D:2      | Found a faded altar of an unknown god.
  1237 | D:2      | Found a shadowy altar of Dithmenos.
  1588 | D:3      | Reached XP level 4. HP: 38/40 MP: 3/3
  1591 | D:3      | Reached skill level 4 in Long Blades
  1630 | D:3      | Found Nyulup's Armour Shop.
  1656 | D:3      | Found Jomnicyw's Armour Emporium.
  1667 | D:3      | Found Geol's Antique Armour Shoppe.
  1843 | D:3      | Found Qosuudd's Antique Weapon Shop.
  2481 | D:3      | Noticed a kobold brigand
  2487 | D:3      | Killed a kobold brigand
  2488 | D:3      | Reached skill level 5 in Long Blades
  2488 | D:3      | Reached skill level 1 in Dodging
  2488 | D:3      | Reached XP level 5. HP: 36/47 MP: 4/4
  2628 | D:4      | Got the Grimoire of the Compass
  2803 | D:4      | Found Saefiucw's Antique Armour Shop.
  2834 | D:4      | Identified the +5 chain mail "Ymniff" {rC- Str+7}
  2969 | D:4      | Noticed a black bear
  2981 | D:4      | Killed a black bear
  2982 | D:4      | Reached skill level 5 in Armour
  2982 | D:4      | Reached XP level 6. HP: 53/53 MP: 5/5
  3067 | D:4      | Noticed Edmund
  3075 | D:4      | Killed Edmund
  3076 | D:4      | Reached skill level 6 in Long Blades
  3337 | D:4      | Noticed Sigmund
  3361 | D:4      | Killed Sigmund
  3362 | D:4      | Reached skill level 5 in Fighting
  3362 | D:4      | Reached skill level 7 in Long Blades
  3362 | D:4      | Reached XP level 7. HP: 24/61 MP: 6/6
  3922 | D:4      | You fall into a shaft and drop 1 floor!
  3922 | D:5      | Entered Level 5 of the Dungeon
  3944 | D:5      | Reached skill level 8 in Long Blades
  3951 | D:5      | Reached XP level 8. HP: 21/69 MP: 7/7
  3957 | D:5      | Found a sand-covered staircase.
  4035 | Ossuary  | Entered an ossuary
  4292 | Ossuary  | Reached skill level 9 in Long Blades
  4340 | Ossuary  | Reached skill level 5 in Shields
  5281 | D:5      | Reached skill level 10 in Long Blades
  5375 | D:5      | Found a white marble altar of Elyvilon.
  5710 | D:6      | Noticed a gargoyle
  5751 | D:7      | Killed from afar by a gargoyle

Illustrated notes

Levels and vault maps discovered:
D:1:      dpeg_arrival_more_subterranean_lakeside_camping, layout_rooms,
          minmay_lizard_king
D:2:      layout_loops_corners, chequers_ecumenical_altar_simple, basic_altar
D:3:      layout_basic, serial_shops, nicolae_shop_behind_doors,
          nicolae_shop_crystal, nicolae_shop_advertising_works
          [nicolae_subvault_shop_adworks], shop_fountains,
          minmay_goblin_kobold_house
D:4:      layout_layer_cave, serial_shops,
          nicolae_shop_competitors_out_of_business, kennysheep_generic_room_3,
          uniq_sigmund, uniq_edmund
D:5:      layout_cave_pools, nicolae_overflow_hidden_temple,
          nicolae_ossuary_entry_plus
D:6:      layout_rooms, amcnicky_altar_gilded, mainiacjoe_overflow_alcove_1,
          uniq_prince_ribbit1, uniq_menkaure, uniq_eustachio
D:7:      layout_basic, minmay_temple_entry_stoned_glass, uniq_maggie,
          uniq_crazy_yiuf_cottage, uniq_duvessa

Skill      XL: |  1  2  3  4  5  6  7  8 |
---------------+-------------------------+-----
Armour         | 4 5 6 |  6.6
Long Blades    | 3 5 7 8 10 | 10.4
Fighting       | 4 5 6 |  6.2
Dodging        | 1 2 |  2.2
Shields        | 4 5 |  5.3

Action                   |  1- 3 |  4- 6 |  7- 9 || total
-------------------------+-------+-------+-------++-------
Melee: Long sword        |    88 |    88 |   191 ||   367
       Headbutt          |    14 |    21 |    48 ||    83
  Use: Potion            |       |       |     1 ||     1
Armor: Scale mail        |    51 |    15 |       ||    66
       Chain mail        |       |    30 |   126 ||   156
Dodge: Dodged            |    45 |    56 |   100 ||   201
Block: Buckler           |    23 |    18 |    48 ||    89

Table legend: (Time is in decaauts)
 A = Elapsed time spent in this place.
 B = Non-inter-level travel time spent in this place.
 C = Inter-level travel time spent in this place.
 D = Time resting spent in this place.
 E = Time spent auto-exploring this place.
 F = Levels seen in this place.
 G = Mean time per level.
                   A        B        C        D        E       F      G
               +--------+--------+--------+--------+--------+-----+--------+
         Total |   5778 |   5544 |    234 |    234 |   4516 |   8 |  722.2 |
       Dungeon |   5329 |   5095 |    234 |     72 |   4362 |   7 |  761.3 |
       Ossuary |    448 |    448 |      0 |    162 |    154 |   1 |  448.0 |
               +--------+--------+--------+--------+--------+-----+--------+

Top non-repeatable levels by time:
     D:4: 1711 daAuts
     D:3: 1091 daAuts
     D:5: 895 daAuts
     D:1: 837 daAuts
     D:2: 722 daAuts
 Ossuary: 448 daAuts
     D:6: 70 daAuts
     D:7: 0 daAuts
